 Dungeon Crawl Stone Soup version 0.29-a0-666-g26d293caef (webtiles) character file.

Game seed: 3483272046136440728

1652 MeArio the Protected (level 8, 0/73 HPs)
             Began as a Minotaur Fighter on June 23, 2022.
             Was an Initiate of Okawaru.
             Slain by a black bear (5 damage)
             ... on level 7 of the Dungeon.
             The game lasted 00:12:56 (6629 turns).

MeArio the Protected (Minotaur Fighter)             Turns: 6629, Time: 00:12:56

Health: 0/73       AC: 18    Str: 29    XL:     8   Next: 68%
Magic:  7/7        EV:  7    Int:  5    God:    Okawaru [......]
Gold:   447        SH:  5    Dex: 10    Spells: 7/7 levels left

rFire   + . .      SeeInvis .   a - +1 long sword
rCold   . . .      Faith    .   c - +0 buckler
rNeg    . . .      Spirit   .   g - +1 plate armour
rPois   .          Reflect  .   f - +2 hat
rElec   .          Harm     .   L - scarf {repulsion}
rCorr   .          Rampage  .   n - +0 pair of gloves
Will    .....                   (no boots)
Stlth   ..........              (no amulet)
HPRegen 0.22/turn               J - +6 ring of strength
MPRegen 0.10/turn               z - ring of protection from fire

@: repel missiles
A: horns 2, retaliatory headbutt
a: Renounce Religion


You were on level 7 of the Dungeon.
You worshipped Okawaru.
Okawaru was noncommittal.
You visited 2 branches of the dungeon, and saw 8 of its levels.
You also visited: Sewer.

You collected 496 gold pieces.
You donated 49 gold pieces to Zin.

Inventory:

Hand Weapons
 a - a +1 long sword (weapon)
 h - a +2 short sword of draining
 F - a +1 demon blade of pain
Missiles
 i - 11 silver javelins (quivered)
 y - a curare-tipped dart
 C - 5 atropa-tipped darts
 M - 6 poisoned darts
Armour
 b - a +0 scale mail
 c - a +0 buckler (worn)
 f - a +2 hat (worn)
 g - a +1 plate armour (worn)
 n - a +0 pair of gloves (worn)
 r - a +0 cloak
 L - a scarf of repulsion (worn)
Jewellery
 x - an amulet of guardian spirit
 z - a ring of protection from fire (right hand)
 E - a ring of fire
 J - a +6 ring of strength (left hand)
Wands
 o - a wand of digging (2)
 G - a wand of light (1)
 K - a wand of flame (12)
Scrolls
 e - 2 scrolls of poison
 q - a scroll of identify
 s - 4 scrolls of teleportation
 u - 3 scrolls of fear
 v - a scroll of torment
 w - a scroll of enchant weapon
 A - a scroll of fog
 H - a scroll of magic mapping
Potions
 d - 3 potions of might
 j - 2 potions of curing
 k - 2 potions of berserk rage
 l - 2 potions of degeneration
 m - 5 potions of lignification
 p - 2 potions of mutation
 t - 4 potions of heal wounds
 B - 2 potions of flight
 D - a potion of invisibility
 I - 3 potions of magic


   Skills:
 + Level 7.0 Fighting
 + Level 6.3 Long Blades
 * Level 9.1 Armour
 + Level 7.0 Shields


You had 7 spell levels left.
You didn't know any spells.
Your spell library contained the following spells:

 Spells                   Type           Power      Damage    Failure   Level
 Beastly Appendage        Tmut           0%         N/A       99%         1
 Shock                    Conj/Air       0%         1d3       99%         1
 Wereblood                Tmut           0%         N/A       100%        2
 Dazzling Flash           Conj/Hex       0%         N/A       100%        3
 Frozen Ramparts          Ice            0%         1d2       100%        3
 Gell's Gravitas          Tloc           0%         N/A       100%        3
 Ignite Poison            Fire/Tmut/Pois 0%         N/A       100%        3
 Lesser Beckoning         Tloc           0%         N/A       100%        3
 Mephitic Cloud           Conj/Pois/Air  0%         N/A       100%        3
 Spider Form              Tmut/Pois      0%         N/A       100%        3
 Swiftness                Air            0%         N/A       100%        3
 Teleport Other           Tloc           0%         N/A       100%        3
 Airstrike                Air            0%         N/A       100%        4
 Ice Form                 Ice/Tmut       0%         N/A       100%        4
 Iskenderun's Mystic Bla  Conj/Tloc      0%         2d3       100%        4
 Freezing Cloud           Conj/Ice/Air   0%         6-21      100%        5
 Starburst                Conj/Fire      0%         6d3       100%        6
 Summon Ice Beast         Ice/Summ       Unusable   N/A       N/A         4

Dungeon Overview and Level Annotations

Branches:
Dungeon (7/15)             Temple (1/1) D:6           Sewer (visited)

Altars:
Ashenzari
Cheibriados
Dithmenos
Fedhas
Gozag
Hepliaklqana
Kikubaaqudgha
Makhleb
Nemelex Xobeh
Okawaru
Qazlal
Ru
Sif Muna
Trog
Uskayaw
Wu Jian
Xom
Yredelemnul
Zin
The Shining One

Shops:
D:6 [


Innate Abilities, Weirdness & Mutations

You have a pair of horns on your head.
You reflexively headbutt those who attack you in melee.


Message History

The black bear claws you but does no damage.
You hit the black bear.
The black bear is lightly wounded.
The black bear barely misses you. You block the black bear's attack.
The black bear claws you but does no damage.
You completely miss the black bear. You headbutt the black bear!
The black bear is heavily wounded.
The black bear bites you.
* * * LOW HITPOINT WARNING * * *
The black bear claws you but does no damage. x2
You slash the black bear!
The black bear is severely wounded.
The white imp gestures at you.
The puff of frost hits you but does no damage.
The black bear goes berserk!
The black bear bites you!
* * * LOW HITPOINT WARNING * * *
The black bear claws you but does no damage.
The black bear barely misses you.
You hit the black bear but do no damage.
The black bear is severely wounded.
The black bear bites you but does no damage.
The black bear barely misses you. The black bear claws you.
* * * LOW HITPOINT WARNING * * *
You block the white imp's attack.
You hit the black bear but do no damage.
The black bear is severely wounded.
You are no longer corroded.
The black bear barely misses you.
The black bear claws you but does no damage. x2
You block the black bear's attack.
The black bear claws you but does no damage.
The black bear claws you.
* * * LOW HITPOINT WARNING * * *
The white imp gestures at you.
The puff of frost is repelled.
You closely miss the black bear. You headbutt the black bear.
The black bear is almost dead.
The sentinel's mark upon you fades away.
The black bear bites you.
You die...

####
...##################..
.......).............#
##.....######.....#.
.'.....# #..†..# #
.#.....# #†....#..#..
.#.....# #..h@.....#
.#.....# #...5..##...
.#.....# #.....(#
.#>....# #......#
.####### #.....<..
....# #......### #...#
#......# ....# #......#
....#


You could see a black bear (berserk) and a white imp.

Vanquished Creatures
  Prince Ribbit (D:7)
  Eustachio (D:5)
  Menkaure (D:7)
  Edmund (D:5)
  An ice beast (D:5)
  A centaur (D:7)
  2 ogres
  2 kobold brigands (Sewer)
  A bullfrog (D:7)
  2 scorpions
  2 hounds
  3 jellies
  An orc priest (D:6)
  3 iguanas
  3 gnolls (D:4)
  7 adders
  3 river rats (Sewer)
  A shadow imp (D:5)
  A dart slug (D:2)
  10 orcs
  6 ball pythons
  5 bats
  5 endoplasms
  2 giant cockroaches
  5 goblins
  2 hobgoblins
  2 jackals (Sewer)
  7 kobolds
  6 quokkas
  2 frilled lizards (D:1)
  10 rats
99 creatures vanquished.

Notes
Turn   | Place    | Note
-------+----------+-------------------------------------------
     0 | D:1      | MeArio the Minotaur Fighter began the quest for the Orb.
     0 | D:1      | Reached XP level 1. HP: 19/19 MP: 0/0
   220 | D:1      | Reached XP level 2. HP: 26/27 MP: 1/1
   343 | D:1      | Reached skill level 4 in Armour
   614 | D:1      | Reached XP level 3. HP: 29/33 MP: 2/2
  1003 | D:2      | Found a faded altar of an unknown god.
  1031 | D:2      | Prayed at the altar of an unknown god.
  1031 | D:2      | Became a worshipper of Zin the Law-Giver
  1031 | D:2      | Reached * piety under Zin
  1215 | D:2      | Reached ** piety under Zin
  1768 | D:3      | Found an ancient bone altar of Kikubaaqudgha.
  1795 | D:3      | Found a hazy altar of Hepliaklqana.
  1987 | D:3      | Reached *** piety under Zin
  2359 | D:3      | Reached XP level 4. HP: 38/40 MP: 3/3
  2726 | D:4      | Found a glowing drain.
  2760 | Sewer    | Entered a sewer
  2773 | Sewer    | Reached skill level 5 in Armour
  2888 | Sewer    | Noticed a kobold brigand
  2889 | Sewer    | Noticed a kobold brigand
  2907 | Sewer    | Killed a kobold brigand
  2908 | Sewer    | Reached XP level 5. HP: 19/47 MP: 4/4
  3188 | Sewer    | Found a white marble altar of Elyvilon.
  3388 | D:4      | Reached XP level 6. HP: 52/55 MP: 5/5
  3395 | D:4      | Reached skill level 5 in Shields
  3762 | D:4      | Reached skill level 5 in Fighting
  3989 | D:5      | Entered Level 5 of the Dungeon
  4001 | D:5      | Reached skill level 6 in Armour
  4059 | D:5      | Reached **** piety under Zin
  4083 | D:5      | Noticed Edmund
  4109 | D:5      | Killed Edmund
  4110 | D:5      | Reached XP level 7. HP: 27/54 MP: 6/6
  4569 | D:5      | Noticed Eustachio
  4586 | D:5      | Killed Eustachio
  4587 | D:5      | Reached skill level 7 in Armour
  4861 | D:5      | Reached skill level 5 in Long Blades
  5162 | D:5      | Reached ***** piety under Zin
  5732 | D:6      | Found Nygrek's Antique Armour Emporium.
  5883 | D:6      | Reached XP level 8. HP: 66/70 MP: 7/7
  5959 | D:6      | Reached skill level 8 in Armour
  6213 | D:6      | Found a staircase to the Ecumenical Temple.
  6230 | Temple   | Entered the Ecumenical Temple
  6237 | Temple   | Fell from the grace of Zin
  6237 | Temple   | Became a worshipper of Warmaster Okawaru
  6588 | D:7      | Noticed Prince Ribbit
  6594 | D:7      | Killed Prince Ribbit
  6605 | D:7      | Noticed Menkaure
  6613 | D:7      | Killed Menkaure
  6614 | D:7      | Reached skill level 9 in Armour
  6629 | D:7      | Slain by a black bear

Illustrated notes

Levels and vault maps discovered:
D:1:      scummos_arrival_checkerplants, layout_basic, serial_bayou_ford_a,
          feat_on_display
D:2:      layout_rooms, serial_curves, eino_curves_01, eino_curves_04,
          ebering_ecumenical_altar_mist
D:3:      layout_basic, mainiacjoe_overflow_catch_the_wave, minmay_cut_off
D:4:      layout_gridville, cheibrodos_sewer_entry_drain
D:5:      layout_basic, st_stairs_2, uniq_edmund, uniq_eustachio
D:6:      layout_basic, minmay_temple_entry_overgrown, serial_shops,
          kennysheep_mini_moat
D:7:      layout_basic, kennysheep_generic_room_3, uniq_menkaure, uniq_pikel,
          uniq_prince_ribbit1
Temple:   nicolae_temple_no_exploring_needed

Skill      XL: |  1  2  3  4  5  6  7  8 |
---------------+-------------------------+-----
Armour         | 4 5 6 7 9 |  9.1
Fighting       | 4 5 6 7 |  7.0
Shields        | 4 5 6 7 |  7.0
Long Blades    | 3 4 5 6 |  6.3

Action                   |  1- 3 |  4- 6 |  7- 9 || total
-------------------------+-------+-------+-------++-------
Melee: Long sword        |    88 |   109 |   129 ||   326
       Headbutt          |     6 |    18 |    21 ||    45
Invok: Recite            |     2 |     1 |     1 ||     4
       Vitalisation      |       |     1 |     1 ||     2
  Use: Scroll            |     7 |     5 |     6 ||    18
Armor: Plate armour      |    54 |    70 |    89 ||   213
       Scale mail        |     1 |       |       ||     1
Dodge: Dodged            |    17 |    46 |    48 ||   111
       Repelled          |       |       |     1 ||     1
Block: Buckler           |    17 |    24 |    39 ||    80

Table legend: (Time is in decaauts)
 A = Elapsed time spent in this place.
 B = Non-inter-level travel time spent in this place.
 C = Inter-level travel time spent in this place.
 D = Time resting spent in this place.
 E = Time spent auto-exploring this place.
 F = Levels seen in this place.
 G = Mean time per level.
                   A        B        C        D        E       F      G
               +--------+--------+--------+--------+--------+-----+--------+
         Total |   6736 |   6497 |    239 |    850 |   4527 |   9 |  748.4 |
       Dungeon |   6161 |   5929 |    232 |    606 |   4360 |   7 |  880.1 |
        Temple |     14 |      7 |      7 |      0 |      0 |   1 |   14.0 |
         Sewer |    560 |    560 |      0 |    244 |    166 |   1 |  560.0 |
               +--------+--------+--------+--------+--------+-----+--------+

Top non-repeatable levels by time:
     D:5: 1423 daAuts
     D:6: 1136 daAuts
     D:3: 981 daAuts
     D:1: 930 daAuts
     D:4: 877 daAuts
     D:2: 719 daAuts
   Sewer: 560 daAuts
     D:7: 93 daAuts
  Temple: 14 daAuts
